 Dungeon Crawl Stone Soup version 0.31-a0-232-gb1c03b2570 (webtiles) character file.

Game seed: 487636182141024841

1087 qw the Skirmisher (level 8, 0/68 HPs)
             Began as a Minotaur Hexslinger on July 7, 2023.
             Was an Initiate of Okawaru.
             Slain by a bullfrog (2 damage)
             ... on level 6 of the Dungeon.
             The game lasted 00:01:51 (4581 turns).

qw the Skirmisher (Minotaur Hexslinger)             Turns: 4581, Time: 00:01:51

Health: 0/68       AC:  6    Str: 13    XL:     8   Next: 9%
Magic:  8/8        EV: 13    Int: 10    God:    Okawaru [......]
Gold:   221        SH:  0    Dex: 15    Spells: 8/9 levels left

rFire   . . .        Y - +1 sling
rCold   . . .        (no shield)
rNeg    . . .        m - +2 leather armour {rPois}
rPois   +            (helmet restricted)
rElec   .            g - +0 cloak
rCorr   .            (no gloves)
SInv    .            (no boots)
Will    .....        l - amulet of the acrobat
Stlth   +            (no ring)
HPRegen 0.31/turn    (no ring)
MPRegen 0.11/turn

%: acrobat
@: no status effects
A: horns 2, retaliatory headbutt
a: Renounce Religion


You were on level 6 of the Dungeon.
You worshipped Okawaru.
Okawaru was noncommittal.
You visited 2 branches of the dungeon, and saw 7 of its levels.

You collected 221 gold pieces.


Innate Abilities, Weirdness & Mutations

You have a pair of horns on your head.
You reflexively headbutt those who attack you in melee.


   Skills:
 + Level 5.1 Fighting
 - Level 9.0 Ranged Weapons
 - Level 1.0 Armour
 - Level 3.5 Dodging
 - Level 1.0 Spellcasting
 - Level 2.0 Hexes


You had 8 spell levels left.
You knew the following spells:

 Your Spells              Type           Power      Damage    Failure   Level
a - Slow                  Hex            16%        N/A       19%         1

Your spell library contained the following spells:

 Spells                   Type           Power      Damage    Failure   Level
 Inner Flame              Hex/Fire       2%         N/A       65%         3
 Portal Projectile        Hex/Tloc       4%         N/A       65%         3
 Cause Fear               Hex            2%         N/A       88%         4

Inventory:

Hand Weapons
 Y - a +1 sling (weapon)
Armour
 e - a +2 robe of willpower
 g - a +0 cloak (worn)
 m - a +2 leather armour of poison resistance (worn)
Jewellery
 l - an amulet of the acrobat (around neck)
Scrolls
 b - a scroll of identify
 d - a scroll of silence {unknown}
Potions
 a - a potion of invisibility {unknown}
 c - 2 potions of attraction {unknown}
 h - a potion of enlightenment {unknown}
 j - a potion of berserk rage {unknown}

Dungeon Overview and Level Annotations

Branches:
Dungeon (6/15)             Temple (1/1) D:4

Altars:
Ashenzari
Cheibriados
Dithmenos
Elyvilon
Fedhas
Gozag
Hepliaklqana
Makhleb
Nemelex Xobeh
Okawaru
Qazlal
Ru
Sif Muna
Trog
Uskayaw
Vehumet
Wu Jian
Yredelemnul
The Shining One


Message History

The steam dragon bites you. The steam dragon barely misses you.
You shoot a sling bullet. The sling bullet hits the steam dragon.
The steam dragon is lightly wounded.
The steam dragon barely misses you. You furiously retaliate!
You headbutt the steam dragon!
The steam dragon claws you but does no damage.
You shoot a sling bullet.
The sling bullet hits the steam dragon but does no damage.
The steam dragon is moderately wounded.
The steam dragon bites you but does no damage.
The steam dragon barely misses you. The bullfrog hits you!
You shoot a sling bullet. The sling bullet hits the steam dragon.
The steam dragon is heavily wounded.
The bullfrog barely misses you. You furiously retaliate!
You headbutt the bullfrog! The steam dragon breathes steam at you.
The ball of steam hits you!
You shoot a sling bullet. The sling bullet hits the steam dragon.
The steam dragon is heavily wounded.
You are engulfed in a cloud of scalding steam.
The bullfrog misses you. The steam dragon breathes steam at you.
The ball of steam misses you. The bullfrog closely misses you.
You shoot a sling bullet. The sling bullet hits the steam dragon!
The steam dragon is severely wounded.
You are engulfed in a cloud of scalding steam.
The bullfrog hits you. The steam dragon bites you! The steam dragon claws you.
You shoot a sling bullet.
The sling bullet closely misses the steam dragon.
You are engulfed in a cloud of scalding steam.
The bullfrog closely misses you. You furiously retaliate!
You headbutt the bullfrog.
The steam dragon bites you but does no damage.
The steam dragon claws you but does no damage.
The bullfrog hits you but does no damage.
You shoot a sling bullet. The sling bullet hits the steam dragon.
The steam dragon is severely wounded.
You are engulfed in a cloud of scalding steam.
The bullfrog hits you.
You die...

#.. ....##. #..
....... #.. ###.##.
#.# #.#.. #.# #...#
#######.# #..##
........# ##...
......FD# .. ##..
#######@#
...#########. #.#
...........#. #.#
#..........#.
#.####..........#.
#ยค..##..........).
###.##...........#
#..#...........#
##..######..##..
##..###...###..


You could see a steam dragon (catching breath) and a bullfrog.

Vanquished Creatures
  Eustachio (D:5)
  A water moccasin (D:5)
  A black bear (D:6)
  2 ogres
  A phantom (D:5)
  A howler monkey (D:4)
  4 hounds
  A jelly (D:5)
  2 orc priests (D:4)
  A sleepcap (D:6)
  Ijyb (D:5)
  2 iguanas (D:4)
  2 gnolls (D:5)
  6 adders
  An ufetubus (D:3)
  3 worms
  A dart slug (D:2)
  8 orcs
  3 ball pythons
  7 endoplasms
  3 giant cockroaches
  8 goblins
  4 hobgoblins
  6 kobolds
  6 quokkas
  6 bats
  3 frilled lizards
  3 rats (D:2)
88 creatures vanquished.

Notes
Turn   | Place    | Note
-------+----------+-------------------------------------------
     0 | D:1      | qw the Minotaur Hexslinger began the quest for the Orb.
     0 | D:1      | Reached XP level 1. HP: 16/16 MP: 1/1
     0 | D:1      | 0 ||| qw: Version: 0.3-a-46-gb1f654a
     0 | D:1      | 0 ||| qw: Game counter: 2919
     0 | D:1      | 0 ||| qw: Melee chars always use a shield: true
     0 | D:1      | 0 ||| qw: God list: Okawaru
     0 | D:1      | 0 ||| qw: Allow faded altars: false
     0 | D:1      | 0 ||| qw: Do Orc after clearing Dungeon:15 true
     0 | D:1      | 0 ||| qw: Do second Lair branch before Depths: true
     0 | D:1      | 0 ||| qw: Lair rune preference: random
     0 | D:1      | 0 ||| qw: Goals: Normal
     0 | D:1      | 0 ||| PLANNING D:1-11
   177 | D:1      | Reached skill level 3 in Ranged Weapons
   177 | D:1      | Reached XP level 2. HP: 22/23 MP: 2/2
   270 | D:1      | 270 ||| Stepping ~*~*~tactically~*~*~ (outnumbered).
   666 | D:1      | 666 ||| UPGRADING to +0 leather armour.
   676 | D:1      | 676 ||| DROPPING +0 robe.
   677 | D:1      | 677 ||| UPGRADING to +0 ring mail.
   687 | D:1      | 687 ||| DROPPING +0 leather armour.
   688 | D:1      | 688 ||| READING scroll labelled DIVEMA MAYXTUH.
   689 | D:1      | 689 ||| DRINKING 2 pink potions.
   690 | D:1      | 690 ||| DROPPING scroll of poison.
   732 | D:2      | Found an opulent altar of Gozag.
   739 | D:2      | Reached XP level 3. HP: 28/29 MP: 3/3
   807 | D:2      | Reached skill level 4 in Ranged Weapons
   987 | D:2      | Reached skill level 1 in Armour
   992 | D:2      | Found a faded altar of an unknown god.
  1363 | D:2      | 1363 ||| UPGRADING to +0 cloak.
  1368 | D:2      | 1368 ||| READING 2 scrolls labelled XOMAEJ RIKA.
  1369 | D:2      | 1369 ||| READING scroll labelled QYNNE SUOZXEDD.
  1444 | D:3      | Found an opulent altar of Gozag.
  1523 | D:3      | Reached XP level 4. HP: 36/36 MP: 4/4
  1593 | D:3      | Found a glowing golden altar of the Shining One.
  1593 | D:3      | Found a shadowy altar of Dithmenos.
  1701 | D:3      | 1701 ||| FLEEEEING.
  1793 | D:3      | 1793 ||| READING scroll labelled BEDUAS BOUGAAJ.
  1794 | D:3      | 1794 ||| DRINKING 4 puce potions.
  1843 | D:3      | 1843 ||| DRINKING 2 fizzy red potions.
  1844 | D:3      | 1844 ||| DROPPING 3 potions of lignification.
  1882 | D:4      | Reached skill level 5 in Ranged Weapons
  1885 | D:4      | Reached XP level 5. HP: 38/41 MP: 5/5
  1888 | D:4      | Reached skill level 3 in Fighting
  1888 | D:4      | 1888 ||| FLEEEEING.
  1889 | D:4      | 1889 ||| STAIRDANCE
  1934 | D:4      | 1934 ||| FLEEEEING.
  1935 | D:4      | 1935 ||| FLEEEEING.
  1937 | D:4      | 1937 ||| STAIRDANCE
  2023 | D:4      | 2023 ||| STAIRDANCE
  2121 | D:4      | Reached skill level 6 in Ranged Weapons
  2125 | D:4      | Reached XP level 6. HP: 15/51 MP: 6/6
  2257 | D:4      | Identified the +1 leather armour of Impatience {rPois}
  2314 | D:4      | Found a staircase to the Ecumenical Temple.
  2315 | D:4      | 2315 ||| PLANNING TEMPLE
  2348 | D:4      | 2348 ||| UPGRADING to +1 leather armour of Impatience
                  | {rPois}.
  2358 | D:4      | 2358 ||| DROPPING +0 ring mail.
  2359 | D:4      | 2359 ||| READING scroll labelled LAERAE XOEVUSA.
  2371 | Temple   | Entered the Ecumenical Temple
  2618 | Temple   | 2618 ||| PLANNING D:1-11
  2841 | D:4      | 2841 ||| UPGRADING to amulet of the acrobat.
  2846 | D:4      | 2846 ||| READING scroll labelled DOUMMA COUN.
  2861 | D:5      | Entered Level 5 of the Dungeon
  2917 | D:5      | Noticed Ijyb
  2924 | D:5      | Paralysed by Ijyb for 3 turns
  2931 | D:5      | Paralysed by Ijyb for 2 turns
  2937 | D:5      | Paralysed by Ijyb for 2 turns
  2944 | D:5      | Reached skill level 7 in Ranged Weapons
  2944 | D:5      | Reached XP level 7. HP: 23/60 MP: 7/7
  2951 | D:5      | Killed Ijyb
  3133 | D:5      | Noticed Eustachio
  3184 | D:5      | Killed Eustachio
  3185 | D:5      | Reached skill level 8 in Ranged Weapons
  3416 | D:5      | Found a white marble altar of Elyvilon.
  3611 | D:5      | 3611 ||| Stepping ~*~*~tactically~*~*~ (outnumbered).
  3620 | D:5      | HP: 15/61 [gnoll/+0 spear[a gnoll bouda] (2)]
  3620 | D:5      | HP: 3/61 [gnoll/+0 halberd[a gnoll bouda] (9)]
  3621 | D:5      | 3621 ||| READING scroll of teleportation.
  3622 | D:5      | 3622 ||| DRINKING potion of heal wounds.
  3624 | D:5      | HP: 1/61 [poisoned by a gnoll bouda]
  3625 | D:5      | 3625 ||| DRINKING potion of curing.
  3625 | D:5      | 3625 ||| (to cure poison)
  3835 | D:5      | Reached skill level 3 in Dodging
  4065 | D:5      | 4065 ||| UPGRADING to +2 leather armour of poison
                  | resistance.
  4075 | D:5      | 4075 ||| DROPPING +1 leather armour of Impatience {rPois}.
  4076 | D:5      | 4076 ||| READING scroll labelled WYGHUO INGIR.
  4271 | D:6      | Found an iron altar of Okawaru.
  4272 | D:6      | 4272 ||| PLANNING OKAWARU WORSHIP
  4341 | D:6      | Reached XP level 8. HP: 42/68 MP: 8/8
  4430 | D:6      | Became a worshipper of Warmaster Okawaru
  4431 | D:6      | 4431 ||| PLANNING D:1-11
  4453 | D:6      | Reached skill level 9 in Ranged Weapons
  4568 | D:6      | 4568 ||| Stepping ~*~*~tactically~*~*~ (cloud).
  4579 | D:6      | HP: 14/68 [bullfrog (5)]
  4579 | D:6      | HP: 6/68 [steam dragon (8)]
  4579 | D:6      | HP: 1/68 [steam dragon (5)]
  4581 | D:6      | Slain by a bullfrog

Levels and vault maps discovered:
D:1:      dpeg_arrival_round_c, layout_rooms, serial_aquarium,
          aquarium_bridge_straight [aquarium_subvault_bridge,
          aquarium_subvault_wall, aquarium_subvault_bridge,
          aquarium_subvault_wall], aquarium_bridge_long_joined
          [aquarium_subvault_window, aquarium_subvault_balcony,
          aquarium_subvault_wall, aquarium_subvault_bridge,
          aquarium_subvault_bridge, aquarium_subvault_window],
          aquarium_window_fake, aquarium_window_3, aquarium_view_2f,
          aquarium_balcony_double_3, aquarium_pool_five, minmay_tetromino_o2
D:2:      layout_basic, basic_altar, shapermc_ecumenical_altar_starsandcircs
D:3:      layout_rooms, nicolae_gozag_cash_rules_everything_around_me,
          gammafunk_temple_overflow_statue
D:4:      layout_rooms, minmay_temple_entry_proselytizer
D:5:      layout_loops_ring, elyvilon_altar_1, uniq_ijyb, uniq_eustachio
D:6:      dreamdust_elfheim, layout_basic, mainiacjoe_overflow_small_starburst,
          hangedman_abyss_or_decor_slice, hangedman_abyss_or_decor_stagger
Temple:   minmay_temple_curvy_branch

Skill      XL: |  1  2  3  4  5  6  7  8 |
---------------+-------------------------+-----
Ranged Weapons | 3 4 5 6 7 8 9 |  9.0
Fighting       | 2 3 4 5 |  5.1
Armour         | 1 |  1.0
Dodging        | 3 |  3.5
Spellcasting   | |  1.0
Hexes          | |  2.0

Action                     |  1- 3 |  4- 6 |  7- 9 || total
---------------------------+-------+-------+-------++-------
   Fire: Sling             |   155 |   137 |   178 ||   470
    Use: Scroll            |     3 |     3 |     2 ||     8
         Potion            |     1 |     2 |     2 ||     5
 Armour: Robe              |     6 |       |       ||     6
         Ring mail         |    20 |    18 |       ||    38
         Leather armour    |       |    10 |    38 ||    48
  Dodge: Dodged            |    43 |    55 |    97 ||   195

Table legend:
 A = Non-vault XP
 B = Vault XP
 C = Vault XP percentage of total XP
 D = Non-vault monster count
 E = Vault monster count
 F = Vault count percentage of total count
                 A         B        C        D         E       F
            +---------+---------+-------+---------+---------+-------
      Total |    1274 |     279 |  18.0 |      83 |       5 |   5.7
            +---------+---------+-------+---------+---------+-------
        D:1 |      35 |       3 |   7.9 |      21 |       2 |   8.7
        D:2 |      53 |       0 |   0.0 |      22 |       0 |   0.0
        D:3 |      49 |       0 |   0.0 |       9 |       0 |   0.0
        D:4 |     382 |      41 |   9.7 |      18 |       1 |   5.3
        D:5 |     456 |     235 |  34.0 |       9 |       2 |  18.2
        D:6 |     299 |       0 |   0.0 |       4 |       0 |   0.0
            +---------+---------+-------+---------+---------+-------
